Map: Moondance

Players

Soup

  • Race: Zerg Zerg
  • League: Gold
  • Spawn Location: 6:00

FlyFresno - Winner!

  • Race: Protoss Protoss
  • League: Platinum
  • Spawn Location: 12:00

VOD

Have the link to the VOD?

Description

Time

  • Played on: Dec. 16, 2022, 11:10 p.m.
  • Length: 11:22
Show
View Real Time Build Order
Export as new Build Order

Soup Zerg 

Build Orders: Pool First 

Get SALT Encoding   

  12  0:01  Drone  
  13  0:14  Overlord  
  13  0:21  Drone  
  14  0:33  Drone x2  
  16  0:42  Spawning Pool  
  15  0:46  Drone  
  16  1:04  Drone  
  16  1:08  Drone  
  18  1:16  Extractor  
  17  1:27  Hatchery  
  16  1:35  Queen  
  16  1:36  Zergling x4  
  20  1:50  Drone x2  
  22  2:22  Overlord  
  21  2:40  Queen  
  21  2:42  Queen  
  24  2:47  Roach Warren  
  23  2:51  Drone x2  
  23  2:52  Drone x3  
  28  3:03  Overlord  
  28  3:04  Overlord  
  28  3:26  Drone x4  
  28  3:27  Drone x3  
  35  3:35  Extractor, Lair  
  34  4:02  Extractor  
  33  4:03  Drone  
  33  4:04  Drone x6, Extractor  
  39  4:10  Drone x3  
  39  4:11  Evolution Chamber x2  
  39  4:12  Drone x3  
  43  4:25  Metabolic Boost  
  43  4:33  Overseer  
  43  4:37  Zerg Ground Armor Level 1, Zerg Missile Weapons Level 1  
  43  4:54  Drone x6  
  43  4:55  Drone x2  
  51  5:00  Hydralisk Den  
  51  5:01  Roach  
  51  5:02  Overlord x2  
  52  5:32  Hatchery  
  52  5:34  Extractor  
  50  5:57  Glial Reconstitution  
  50  5:58  Grooved Spines  
  50  6:00  Hydralisk x8  
  66  6:15  Drone x2  
  66  6:17  Overlord  
  66  6:18  Overlord x5  
  68  6:31  Zerg Missile Weapons Level 2  
  68  6:34  Zerg Ground Armor Level 2  
  68  6:54  Infestation Pit  
  67  7:05  Drone x3  
  67  7:07  Drone x2  
  67  7:08  Drone x8  
  78  7:09  Muscular Augments  
  80  7:15  Hatchery  
  80  7:18  Drone x2  
  80  7:19  Drone  
  82  7:23  Drone x3  
  85  7:38  Drone x2  
  87  7:51  Pathogen Glands  
  87  8:05  Hydralisk x2  
  87  8:06  Hydralisk x10  
  111  8:13  Roach  
  111  8:14  Roach x3  
  111  8:16  Hatchery  
  118  8:21  Burrow, Pneumatized Carapace  
  118  8:24  Infestor  
  120  8:42  Infestor  
  120  8:46  Infestor  
  124  9:32  Drone x3  
  124  9:33  Drone x7  
  124  9:35  Overlord x5  
  124  9:36  Overlord x2  
  78  10:16  Roach x13  
  78  10:17  Roach x14  
  132  10:32  Roach x3  
  132  10:33  Roach x3  
  144  10:39  Extractor  
  141  10:44  Extractor  
  106  10:54  Roach x12  
  106  10:55  Roach  
  108  11:00  Roach x2  
Show
View Real Time Build Order
Export as new Build Order

FlyFresno Protoss - Winner!

Build Orders:  

Get SALT Encoding   

  12  0:01  Probe  
  13  0:13  Probe  
  14  0:19  Pylon  
  14  0:26  Probe  
  15  0:40  Probe (Chrono Boost)  
  15  0:41  Gateway  
  16  0:49  Probe (Chrono Boost)  
  17  0:54  Probe (Chrono Boost), Assimilator  
  18  1:06  Probe  
  20  1:18  Probe  
  20  1:30  Cybernetics Core  
  20  1:34  Pylon  
  20  1:37  Probe  
  21  1:49  Probe  
  22  2:01  Probe  
  22  2:03  Gateway  
  22  2:05  Adept (Chrono Boost)  
  25  2:12  Warp Gate  
  25  2:15  Shield Battery  
  24  2:34  Adept  
  26  2:42  Shield Battery  
  26  2:48  Nexus  
  26  2:52  Sentry  
  26  2:57  Assimilator  
  28  2:58  Probe  
  28  3:04  Adept, Pylon  
  31  3:22  Probe (Chrono Boost)  
  32  3:27  Robotics Facility  
  32  3:32  Probe (Chrono Boost)  
  33  3:37  Probe (Chrono Boost)  
  34  3:49  Probe  
  35  4:00  Probe  
  35  4:01  Probe  
  37  4:04  Robotics Facility  
  37  4:12  Shield Battery, Probe  
  37  4:14  Pylon  
  38  4:24  Probe  
  38  4:26  Probe  
  38  4:30  Assimilator  
  40  4:32  Assimilator  
  40  4:36  Probe  
  40  4:38  Probe  
  42  4:40  Pylon  
  42  4:41  Immortal  
  42  4:42  Pylon  
  46  4:49  Probe  
  47  4:57  Probe  
  48  5:00  Immortal  
  48  5:01  Probe  
  53  5:10  Probe  
  53  5:12  Stalker  
  53  5:13  Probe  
  57  5:19  Forge  
  57  5:22  Probe  
  57  5:25  Probe  
  59  5:34  Probe  
  60  5:36  Robotics Bay  
  60  5:47  Probe x2  
  60  5:49  Protoss Ground Weapons Level 1 (Chrono Boost), Observer  
  63  5:50  Immortal  
  67  5:58  Nexus  
  67  5:59  Probe  
  67  6:03  Probe  
  69  6:08  Forge  
  69  6:11  Probe  
  69  6:15  Probe  
  71  6:23  Probe  
  71  6:24  Extended Thermal Lance  
  72  6:27  Colossus (Chrono Boost)  
  78  6:33  Pylon  
  78  6:35  Pylon  
  78  6:41  Protoss Ground Armor Level 1 (Chrono Boost)  
  78  6:51  Probe x2  
  78  6:52  Twilight Council  
  78  6:53  Pylon  
  80  6:57  Colossus (Chrono Boost)  
  86  7:03  Probe  
  87  7:09  Probe  
  87  7:12  Probe  
  87  7:15  Probe  
  90  7:17  Gateway x2  
  90  7:21  Probe  
  91  7:25  Probe  
  91  7:26  Stalker, Pylon  
  94  7:30  Pylon  
  94  7:34  Colossus (Chrono Boost)  
  94  7:40  Charge (Chrono Boost)  
  100  7:46  Probe x3  
  100  7:51  Assimilator  
  103  7:54  Gateway  
  103  7:58  Probe  
  104  7:59  Protoss Ground Weapons Level 2 (Chrono Boost)  
  104  8:00  Templar Archives  
  104  8:21  Colossus  
  110  8:31  Nexus  
  110  8:33  Pylon  
  110  8:35  Pylon  
  110  8:39  Observer  
  111  8:43  Zealot x2  
  111  8:44  Zealot x2  
  119  8:52  Gateway  
  119  8:56  Shield Battery  
  119  8:57  Gateway  
  119  8:58  Shield Battery  
  119  8:59  Photon Cannon  
  119  9:00  Gateway  
  119  9:01  Observer  
  119  9:02  Photon Cannon  
  120  9:03  Gateway  
  120  9:10  High Templar  
  120  9:11  High Templar  
  120  9:15  Colossus, Archon  
  130  9:23  Probe x2  
  132  9:24  Photon Cannon  
  132  9:25  Photon Cannon  
  132  9:33  Assimilator  
  132  9:38  Assimilator  
  112  10:15  Zealot  
  112  10:16  Zealot x7  
  112  10:17  Zealot  
  130  10:32  Probe x3  
  133  10:36  Gateway  
  133  10:37  Gateway  
  133  10:39  Zealot  
  133  10:40  Zealot x6  
  133  10:41  Zealot x2, Gateway  
  137  11:09  Zealot x6  
  137  11:10  Zealot x2  
Tags
 
Matchup
PvZ
Opening
Pool First
Spawn Locations
Cross Positions
Add a new tag
Caveats
  • Supply blocks, unpowered buildings, or Contaminate may cause inaccurate times.
  • Supply counts are checked every 10 seconds.